 Dungeon Crawl Stone Soup version 0.27-a0-1202-ge72e49191c (webtiles) character file.

Game seed: 3808055852227280153

181588 Glokmah the Sniper (level 17, -25/168 HPs)
             Began as a Minotaur Hunter on June 4, 2021.
             Was the Champion of Okawaru.
             Annihilated by a naga
             ... wielding a +0 glaive
              (28 damage)
             ... on level 4 of the Snake Pit.
             The game lasted 01:32:16 (30677 turns).

Glokmah the Sniper (Minotaur Hunter)               Turns: 30677, Time: 01:32:17

Health: -25/168    AC: 27    Str: 35    XL:     17   Next: 68%
Magic:  23/23      EV: 15    Int:  4    God:    Okawaru [******]
Gold:   1464       SH:  0    Dex: 26    Spells: 16/16 levels left

rFire    + + .     SeeInvis +   a - +10 arbalest of Foustruask {venom, rC++ Str+10 Int-4}
rCold    + + .     Faith    .   (shield currently unavailable)
rNeg     + . .     Spirit   .   o - +8 chain mail of Untold Secrets {-Cast +Inv rPois}
rPois    +         Reflect  .   H - +2 hat
rElec    .         Harm     +   Y - scarf {repulsion}
rCorr    .         Rampage  .   f - +2 pair of gloves
Will     +....     NoCast   +   q - +0 pair of boots of Cowardice {Harm rPois rF++}
Stlth    ..........             I - amulet "Hero's Friend" {RegenMP Regen+ SInv}
HPRegen  1.38/turn              W - ring "Impae" {Drain *Slow rN+ Str+6 Dex+10}
MPRegen  0.43/turn              x - +4 ring of slaying

@: lethally poisoned (-25 -> -26), about to teleport, constricted, repel
missiles
A: horns 2, retaliatory headbutt
a: Renounce Religion, Evoke Invisibility, Heroism, Finesse


You were on level 4 of the Snake Pit.
You worshipped Okawaru.
Okawaru was exalted by your worship.
You visited 5 branches of the dungeon, and saw 28 of its levels.
You also visited: Sewer.

You collected 3254 gold pieces.
You spent 1790 gold pieces at shops.

Inventory:

Hand Weapons
 a - the +10 arbalest of Foustruask (weapon) {venom, rC++ Str+10 Int-4}
   (Okawaru gifted it to you on level 13 of the Dungeon)

   It poisons the ammo it fires.
   It affects your strength (+10).
   It affects your intelligence (-4).
   It greatly protects you from cold.
 b - the +9 short sword "Vocraile" {flame, rElec rPois rF- Str+9}
   (You found it on level 9 of the Dungeon)

   It has been specially enchanted to burn those struck by it, causing extra
   injury to most foes and up to half again as much damage against particularly
   susceptible opponents.
   It affects your strength (+9).
   It makes you vulnerable to fire.
   It insulates you from electricity.
   It protects you from poison.
 c - a +9 triple crossbow of venom
 d - a +3 hand crossbow of freezing
Missiles
 k - 6 boomerangs of dispersal
 s - 7 curare-tipped darts
 L - 4 silver boomerangs
 M - 191 bolts (quivered ammo)
 N - 10 javelins
Armour
 f - a +2 pair of gloves (worn)
 o - the +8 chain mail of Untold Secrets (worn) {-Cast +Inv rPois}
   (Okawaru gifted it to you on level 4 of the Snake Pit)

   It protects you from poison.
   It lets you turn invisible.
   It prevents spellcasting.
 q - the +0 pair of boots of Cowardice (worn) {Harm rPois rF++}
   (Okawaru gifted it to you on level 1 of the Snake Pit)

   It greatly protects you from fire.
   It protects you from poison.
   It increases damage dealt and taken.
 y - a scarf of harm
 H - a +2 hat (worn)
 K - a +2 cloak
 Y - a scarf of repulsion (worn)
Jewellery
 p - a ring of willpower
 x - a +4 ring of slaying (right hand)
 C - a ring of flight
 I - the amulet "Hero's Friend" (around neck) {RegenMP Regen+ SInv}
   (You found it on level 8 of the Dungeon)

   [amulet of magic regeneration]

   It increases your rate of magic regeneration.
   It lets you see invisible.
   It increases your rate of health regeneration.
 U - a ring of positive energy
 V - an amulet of the acrobat
 W - the ring "Impae" (left hand) {Drain *Slow rN+ Str+6 Dex+10}
   (You bought it in a shop on level 5 of the Dungeon)

   [ring of strength]

   It affects your strength (+6).
   It affects your dexterity (+10).
   It protects you from negative energy.
   It drains your maximum health when unequipped.
   It may slow you when you take damage.
 Z - a ring of fire
Wands
 h - a wand of mindburst (13)
 v - a wand of acid (6)
 w - a wand of iceblast (73)
 A - a wand of flame (91)
 E - a wand of polymorph (7)
 T - a wand of digging (2)
 X - a wand of paralysis (5)
Scrolls
 g - 16 scrolls of identify
 B - 7 scrolls of teleportation
 D - 3 scrolls of amnesia
 F - 5 scrolls of immolation
 J - 4 scrolls of fear
 O - a scroll of fog
 P - 7 scrolls of magic mapping
 S - 3 scrolls of blinking
Potions
 e - 2 potions of mutation
 i - 11 potions of curing
 j - 3 potions of ambrosia
 l - 7 potions of attraction
 n - 2 potions of berserk rage
 r - 5 potions of heal wounds
 t - 7 potions of might
 z - a potion of resistance
 G - a potion of haste
 Q - 8 potions of lignification
Miscellaneous
 m - a phantom mirror
 u - a condenser vane
 R - a phial of floods


   Skills:
 + Level 19.2 Fighting
 * Level 22.9 Crossbows
 - Level 12.0 Armour
 - Level 10.0 Dodging
 - Level 0.7 Stealth
 + Level 9.7 Invocations
 + Level 8.7 Evocations


You had 16 spell levels left.
You didn't know any spells.
Your spell library contained the following spells:

 Spells                   Type           Power      Damage    Failure   Level
 Animate Skeleton         Necr           0%         N/A       86%         1
 Apportation              Tloc           0%         N/A       86%         1
 Beastly Appendage        Tmut           0%         N/A       86%         1
 Corona                   Hex            0%         N/A       86%         1
 Magic Dart               Conj           0%         1d3       86%         1
 Pain                     Necr           0%         1d4       86%         1
 Sting                    Tmut/Pois      0%         1d3       86%         1
 Blink                    Tloc           N/A        N/A       95%         2
 Call Imp                 Summ           0%         N/A       95%         2
 Ensorcelled Hibernation  Hex/Ice        0%         N/A       95%         2
 Poisonous Vapours        Pois/Air       0%         N/A       95%         2
 Searing Ray              Conj           0%         3d3       95%         2
 Slow                     Hex            0%         N/A       95%         2
 Sublimation of Blood     Necr           0%         N/A       95%         2
 Confusing Touch          Hex            0%         N/A       99%         3
 Conjure Flame            Conj/Fire      0%         6-21      99%         3
 Dazzling Flash           Conj/Hex       0%         N/A       99%         3
 Gell's Gravitas          Tloc           0%         N/A       99%         3
 Ignite Poison            Fire/Tmut/Pois 0%         N/A       99%         3
 Lesser Beckoning         Tloc           0%         N/A       99%         3
 Mephitic Cloud           Conj/Pois/Air  0%         N/A       99%         3
 Teleport Other           Tloc           0%         N/A       99%         3
 Tukima's Dance           Hex            0%         N/A       99%         3
 Vampiric Draining        Necr           0%         2d6       99%         3
 Animate Armour           Summ/Erth      0%         N/A       100%        4
 Animate Dead             Necr           0%         N/A       100%        4
 Fulminant Prism          Conj/Hex       0%         3d6       100%        4
 Ice Form                 Ice/Tmut       0%         N/A       100%        4
 Iskenderun's Mystic Bla  Conj/Tloc      0%         2d3       100%        4
 Leda's Liquefaction      Hex/Erth       0%         N/A       100%        4
 Olgreb's Toxic Radiance  Pois           0%         N/A       100%        4
 Petrify                  Tmut/Erth      0%         N/A       100%        4
 Summon Lightning Spire   Summ/Air       0%         N/A       100%        4
 Agony                    Necr           0%         N/A       100%        5
 Alistair's Intoxication  Tmut/Pois      0%         N/A       100%        5
 Bolt of Magma            Conj/Fire/Erth 0%         4d4       100%        5
 Fireball                 Conj/Fire      0%         3d3       100%        5
 Hydra Form               Tmut           0%         N/A       100%        5
 Irradiate                Conj/Tmut      0%         3d14      100%        5
 Manifold Assault         Tloc           0%         N/A       100%        5
 Metabolic Englaciation   Hex/Ice        0%         N/A       100%        5
 Silence                  Hex/Air        0%         N/A       100%        5
 Summon Forest            Summ/Tloc      0%         N/A       100%        5
 Summon Mana Viper        Hex/Summ       0%         N/A       100%        5
 Yara's Violent Unravell  Hex/Tmut       0%         3d3       100%        5
 Blade Hands              Tmut           0%         N/A       100%        6
 Conjure Ball Lightning   Conj/Air       0%         3x3d6     100%        6
 Eringya's Noxious Bog    Tmut/Pois      0%         N/A       100%        6
 Freezing Cloud           Conj/Ice/Air   0%         6-21      100%        6
 Invisibility             Hex            0%         N/A       100%        6
 Iron Shot                Conj/Erth      0%         9d1       100%        6
 Shadow Creatures         Summ           N/A        N/A       100%        6
 Starburst                Conj/Fire      0%         8x6d3     100%        6
 Statue Form              Tmut/Erth      0%         N/A       100%        6
 Dragon Form              Tmut           0%         N/A       100%        7
 Summon Hydra             Summ           0%         N/A       100%        7
 Ignition                 Fire           0%         3d3       100%        8
 Shatter                  Erth           0%         3d5*      100%        9
 Tornado                  Air            0%         N/A       100%        9


Dungeon Overview and Level Annotations

Branches:
Dungeon (15/15)            Temple (1/1) D:6            Lair (6/6) D:8
  Swamp (0/4) Lair:3        Snake (4/4) Lair:3        Slime (0/5) Lair:5
    Orc (2/2) D:12            Elf (0/3) Orc:2        Vaults (0/5) D:14
 Depths (0/5) D:15          Sewer (visited)

Altars:
Ashenzari
Cheibriados
Dithmenos
Elyvilon
Fedhas
Gozag
Hepliaklqana
Kikubaaqudgha
Makhleb
Nemelex Xobeh
Okawaru
Qazlal
Ru
Sif Muna
Trog
Uskayaw
Vehumet
Wu Jian
Xom
Yredelemnul
Zin
The Shining One
Beogh

Shops:
D:2 :   D:5 =(!(   Orc:2 (*:[:

Portals:
Abyss: D:6

Annotations:
D:6 2 transporters, Morrissey's ghost, novice SpDe


Innate Abilities, Weirdness & Mutations

You have a pair of horns on your head.
You reflexively headbutt those who attack you in melee.


Message History

You resist.
* * * LOW HITPOINT WARNING * * *
The naga constricts you.
The naga sharpshooter spits poison at you.
The splash of poison hits you but does no damage.
You resist. The nagaraja hits you with a +0 spear!
* * * LOW HITPOINT WARNING * * *
The nagaraja casts a spell at you. The poison arrow misses you.
The poison arrow hits the naga!!
The naga partially resists.
The naga is poisoned.
The guardian serpent casts a spell at you.
The naga ritualist calls down the wrath of its god upon you.
You resist with some effort.
You hear a shout!
You feel better.
You are poisoned.
The guardian serpent closely misses you.
You furiously retaliate!
You headbutt the guardian serpent! The nagaraja hits you with a +0 flail!
* * * LOW HITPOINT WARNING * * *
The salamander completely misses you. The naga hits you with a +0 glaive.
* * * LOW HITPOINT WARNING * * *
The naga constricts you.
The naga sharpshooter shoots an arrow.
The arrow barely misses you.
The arrow closely misses the naga ritualist.
The nagaraja points at you and mumbles some strange words.
You barely resist. The guardian serpent misses you. You furiously retaliate!
You headbutt the guardian serpent! The naga ritualist closely misses you.
You feel much better.
You feel sick.
* * * LOW HITPOINT WARNING * * *
You are more poisoned.
The nagaraja hits you but does no damage.
The salamander hits you with a +0 glaive!
* * * LOW HITPOINT WARNING * * *
You are engulfed in flames.
You resist.
* * * LOW HITPOINT WARNING * * *
The guardian serpent hits you!
* * * LOW HITPOINT WARNING * * *
The naga hits you with a +0 glaive!!
You die...

.......)###.)#).# .#..
..........#..#÷.# ...()
..).......)..#)[# ...((
#.........)..#..###.().
.............#(.##...#
.............#((.#.S.#
............##.÷((...#
.†....).).#####SNN(.####
........))#...#N@N)##..###
..............##NN#......###
..####.[.......####†)....).######
..#..'##.........................
..#....#......#++##...†..).......
..#)...#...)..+...#..............
..##...#......##.'#..............
...#####.......###.......).......
.............................[...


You could see 2 nagarajas, a naga sharpshooter (strong), a salamander (strong),
a naga ritualist (strong, toxic aura), 2 guardian serpents and a naga (strong,
very poisoned, catching breath).

Vanquished Creatures
  Roxanne (Snake:4)
  2 nagarajas
  An orc warlord (Orc:1)
  A stone giant (D:15)
  7 boulder beetles
  A vault guard (D:14)
  8 hydras
  14 naga warriors
  4 catoblepae
  An ogre mage (Orc:1)
  19 anacondas
  3 centaur warriors
  4 two-headed ogres
  3 alligators (Snake:2)
  A death knight (D:14)
  5 death yaks (Lair:6)
  2 orc high priests
  4 tengu warriors
  5 shock serpents
  11 naga sharpshooters
  Sonja (D:13)
  A fire crab (shapeshifter) (D:13)
  4 salamander mystics
  6 skeletal warriors
  A sea snake (Snake:1)
  3 lindwurms
  6 wizards
  Pikel (D:8)
  14 mana vipers
  14 naga ritualists
  2 deep elf pyromancers
  8 orc knights
  4 manticores
  6 ugly things
  A wolf spider (D:15)
  5 orc sorcerers (Orc:2)
  2 oklob plants
  4 cyclopes
  41 black mambas
  10 salamanders
  Maurice (D:8)
  10 guardian serpents
  21 naga magi
  3 gargoyles
  14 cane toads
  3 rime drakes
  15 komodo dragons
  An unseen horror (D:13)
  A kobold demonologist (D:12)
  A freezing wraith (D:14)
  2 efreet (D:13)
  A polar bear (Lair:6)
  4 trolls
  4 hornets
  10 slime creatures
  9 dream sheep
  11 blink frogs
  A centaur simulacrum (D:13)
  A wraith (D:11)
  3 shadows
  3 vampires
  5 wyverns
  Eustachio (D:5)
  21 humans (D:14)
  84 yaks
  A human (shapeshifter) (D:10)
  Grum (D:8)
  11 vampire mosquitoes
  4 basilisks
  65 nagas
  3 wargs
  2 acid dragons (D:9)
  5 swamp worms (Snake:2)
  13 water moccasins
  32 orc warriors
  15 ogres
  5 black bears
  6 wolves
  2 lemures (D:8)
  6 centaurs
  5 kobold brigands
  2 gnoll sergeants
  13 bullfrogs
  A wyvern zombie (D:7)
  2 scorpions (D:6)
  A water moccasin zombie (D:5)
  A water moccasin skeleton (D:7)
  2 howler monkeys
  4 wights (D:9)
  7 electric eels
  6 centaur zombies
  2 jellies
  4 hounds
  16 orc priests
  A bullfrog skeleton (D:7)
  6 hell rats (Lair:6)
  21 orc wizards
  A statue (D:3)
  A howler monkey zombie (D:6)
  11 gnolls
  11 adders
  2 river rats (Sewer)
  2 white imps (D:7)
  2 ufetubi
  4 worms
  64 orcs
  2 bats
  3 endoplasms
  8 giant cockroaches
  8 goblins
  9 hobgoblins
  7 jackals (D:5)
  20 kobolds
  6 quokkas
  6 ball pythons
  7 frilled lizards
  7 rats
907 creatures vanquished.

Vanquished Creatures (others)
  A bush (Lair:2)
  26 fungi
  77 plants
  5 toadstools (D:5)
109 creatures vanquished.

Grand Total: 1016 creatures vanquished

Notes
Turn   | Place    | Note
-------+----------+-------------------------------------------
     0 | D:1      | Glokmah the Minotaur Hunter began the quest for the Orb.
     0 | D:1      | Reached XP level 1. HP: 18/18 MP: 0/0
   173 | D:1      | Reached XP level 2. HP: 25/25 MP: 1/1
   339 | D:1      | Reached skill level 5 in Crossbows
   582 | D:2      | Reached XP level 3. HP: 31/31 MP: 2/2
  1188 | D:2      | Reached XP level 4. HP: 31/38 MP: 3/3
  1329 | D:2      | Found Momekh's Book Shoppe.
  1487 | D:2      | Found a faded altar of an unknown god.
  1692 | D:3      | Reached skill level 6 in Crossbows
  1891 | D:3      | Found a radiant altar of Vehumet.
  1961 | D:3      | Noticed a charred statue
  1963 | D:3      | Killed a charred statue
  2113 | D:3      | Reached XP level 5. HP: 46/46 MP: 4/4
  2681 | D:4      | Reached skill level 7 in Crossbows
  2703 | D:4      | Reached XP level 6. HP: 21/53 MP: 5/5
  3044 | D:4      | Reached skill level 5 in Fighting
  3195 | D:4      | Found a glowing drain.
  3208 | Sewer    | Entered a sewer
  3429 | Sewer    | Reached skill level 8 in Crossbows
  3429 | Sewer    | Reached XP level 7. HP: 49/61 MP: 6/6
  4416 | D:5      | Entered Level 5 of the Dungeon
  4621 | D:5      | Reached skill level 9 in Crossbows
  4663 | D:5      | Found Nangio Reis's Distillery.
  4665 | D:5      | Found Depoeher's Weapon Shoppe.
  4665 | D:5      | Found Tuozirhu's Jewellery Shoppe.
  4667 | D:5      | Found Ecietro's Weapon Shoppe.
  4937 | D:5      | Reached XP level 8. HP: 68/71 MP: 7/7
  4937 | D:5      | Noticed Eustachio
  4953 | D:5      | Killed Eustachio
  5460 | D:6      | Found a staircase to the Ecumenical Temple.
  5467 | D:6      | Reached skill level 10 in Crossbows
  5475 | Temple   | Entered the Ecumenical Temple
  5835 | D:6      | Found a transporter.
  5835 | D:6      | Found a transporter.
  5838 | D:6      | Found a one-way gate to the infinite horrors of the Abyss.
  5841 | D:6      | Noticed Morrissey's ghost (novice SpDe)
  5846 | D:6      | Noticed a worldbinder
  6190 | D:6      | Found an iron altar of Okawaru.
  6190 | D:6      | Found a broken altar of Ashenzari.
  6195 | D:6      | Became a worshipper of Warmaster Okawaru
  6447 | D:6      | Found a sparkling altar of Nemelex Xobeh.
  6664 | D:7      | Reached skill level 1 in Armour
  6671 | D:7      | Reached skill level 1 in Invocations
  6728 | D:7      | Reached * piety under Okawaru
  6729 | D:7      | Reached XP level 9. HP: 67/85 MP: 9/9
  7139 | D:7      | Reached skill level 10 in Fighting
  7877 | D:8      | Found a staircase to the Lair.
  7897 | D:8      | Reached ** piety under Okawaru
  7898 | D:8      | Reached skill level 5 in Armour
  8474 | D:8      | Noticed Pikel
  8484 | D:8      | Killed Pikel
  8485 | D:8      | Reached XP level 10. HP: 89/94 MP: 12/12
  8507 | D:8      | Noticed Grum
  8512 | D:8      | Killed Grum
  8512 | D:8      | Reached *** piety under Okawaru
  8513 | D:8      | Reached skill level 5 in Dodging
  8684 | D:8      | Reached skill level 5 in Invocations
  8706 | D:8      | Identified the amulet "Hero's Friend" {RegenMP Regen+ SInv}
  9199 | D:8      | Noticed Maurice
  9209 | D:8      | Killed Maurice
  9482 | Lair:1   | Entered Level 1 of the Lair of Beasts
  9490 | Lair:1   | Noticed a cane toad
  9495 | Lair:1   | Killed a cane toad
  9523 | Lair:1   | Reached **** piety under Okawaru
  9621 | Lair:1   | Noticed a cane toad
  9625 | Lair:1   | Killed a cane toad
  9710 | Lair:1   | Received a gift from Okawaru
  9763 | Lair:1   | Reached skill level 11 in Crossbows
  9901 | Lair:1   | Found an iron altar of Okawaru.
  9937 | Lair:1   | Reached XP level 11. HP: 105/105 MP: 15/15
  9944 | Lair:1   | Reached ***** piety under Okawaru
  9984 | Lair:1   | Noticed a four-headed hydra
  9986 | Lair:1   | Killed a four-headed hydra
  9986 | Lair:1   | Received a gift from Okawaru
 10605 | Lair:2   | Reached skill level 12 in Crossbows
 10609 | Lair:2   | Noticed an eight-headed hydra
 10807 | Lair:2   | Noticed a boulder beetle
 10816 | Lair:2   | Killed a boulder beetle
 11410 | Lair:2   | Reached skill level 13 in Crossbows
 12093 | Lair:3   | Found a staircase to the Swamp.
 12118 | Lair:2   | Received a gift from Okawaru
 12192 | Lair:2   | Reached XP level 12. HP: 36/115 MP: 17/17
 12203 | Lair:2   | Killed an eight-headed hydra
 12320 | Lair:3   | Noticed an eight-headed hydra
 12792 | Lair:3   | Killed an eight-headed hydra
 12793 | Lair:3   | Reached skill level 14 in Crossbows
 12932 | Lair:3   | Received a gift from Okawaru
 12959 | Lair:3   | Found a staircase to the Snake Pit.
 13216 | Lair:3   | Paralysed by a hornet for 2 turns
 13257 | Lair:3   | Reached skill level 15 in Crossbows
 13428 | Lair:4   | Noticed a five-headed hydra
 13433 | Lair:4   | Killed a five-headed hydra
 13755 | Lair:4   | Reached XP level 13. HP: 49/125 MP: 18/18
 14622 | Lair:5   | Found a staircase to the Slime Pits.
 14641 | Lair:5   | Reached skill level 15 in Fighting
 14985 | Lair:6   | Entered Level 6 of the Lair of Beasts
 15176 | D:5      | Bought the ring "Impae" {Drain *Slow rN+ Str+6 Dex+10} for
                  | 954 gold pieces
 15444 | Lair:5   | Received a gift from Okawaru
 15587 | Lair:6   | Identified the +7 arbalest "Juitz" {flame, Int+3 Stlth+}
                  | (Okawaru gifted it to you on level 6 of the Lair of Beasts)
 15587 | Lair:6   | Received a gift from Okawaru
 15636 | Lair:6   | Reached skill level 16 in Crossbows
 15802 | Lair:6   | Reached ****** piety under Okawaru
 16213 | Lair:6   | Received a gift from Okawaru
 16939 | D:9      | Reached XP level 14. HP: 135/135 MP: 19/19
 17128 | D:9      | Identified a scroll of acquirement
 17129 | D:9      | Acquired a manual of Crossbows
 17210 | D:9      | Identified the +9 short sword "Vocraile" {flame, rElec
                  | rPois rF- Str+9}
 17399 | D:10     | Entered Level 10 of the Dungeon
 17466 | D:10     | Found an ancient bone altar of Kikubaaqudgha.
 18066 | D:10     | Reached skill level 17 in Crossbows
 19592 | D:12     | Found a staircase to the Orcish Mines.
 19823 | D:12     | Received a gift from Okawaru
 19824 | D:12     | Found the +3 robe of Clouds {+Thunder rCloud rElec}
 20294 | D:13     | Reached skill level 18 in Crossbows
 20397 | D:13     | Reached skill level 10 in Armour
 20435 | D:13     | Noticed Sonja
 20439 | D:13     | Killed Sonja
 20514 | D:13     | Identified the +5 ring mail of Vycriumm {-Tele +Inv Will+}
 20573 | D:13     | Identified the +1 robe of Too Many Cooks {Str+3 Stlth+}
 20627 | D:13     | Reached skill level 1 in Evocations
 20654 | D:13     | Identified the +0 leather armour of the Cartwright
                  | {*Corrode Will++ Dex+4}
 21066 | Orc:1    | Entered Level 1 of the Orcish Mines
 21449 | Orc:1    | Received a gift from Okawaru
 21620 | Orc:2    | Entered Level 2 of the Orcish Mines
 21682 | Orc:2    | Found Cinyiciz's Book Boutique.
 21726 | Orc:2    | Reached XP level 15. HP: 145/145 MP: 20/20
 21737 | Orc:2    | Noticed an orc warlord
 21749 | Orc:1    | Killed an orc warlord
 21849 | Orc:2    | Found a staircase to the Elven Halls.
 21894 | Orc:2    | Paralysed by an orc sorcerer for 4 turns
 21903 | Orc:2    | Reached skill level 10 in Dodging
 21907 | Orc:2    | Paralysed by an orc sorcerer for 5 turns
 22180 | Orc:2    | Received a gift from Okawaru
 22195 | Orc:2    | Found Xonaf's Antique Armour Shop.
 22222 | Orc:2    | Found Naw Gou's Antique Weapon Shop.
 22229 | Orc:2    | Found Qonwaxzo's General Store.
 22576 | Orc:2    | Found Vesmyekis's Book Shop.
 22960 | Orc:2    | Bought a runed plate armour for 650 gold pieces
 23003 | Orc:2    | Bought a scroll of enchant weapon for 127 gold pieces
 23003 | Orc:2    | Bought a scroll of magic mapping for 59 gold pieces
 23282 | D:13     | Identified the +10 arbalest of Foustruask {venom, rC++
                  | Str+10 Int-4} (Okawaru gifted it to you on level 13 of the
                  | Dungeon)
 23282 | D:13     | Received a gift from Okawaru
 23623 | D:14     | Reached skill level 19 in Crossbows
 24140 | D:14     | Found a gate to the Vaults.
 24151 | D:14     | Identified the +9 executioner's axe of Byppesip {venom,
                  | Str+3 Stlth+} (Okawaru gifted it to you on level 14 of the
                  | Dungeon)
 24151 | D:14     | Received a gift from Okawaru
 24171 | D:14     | Identified the +1 ring mail "Jeyworod" {Fly rPois rF+}
 24430 | D:15     | Entered Level 15 of the Dungeon
 24878 | D:15     | Found a staircase to the Depths.
 25046 | D:15     | Reached skill level 5 in Evocations
 25229 | D:15     | Received a gift from Okawaru
 25530 | Snake:1  | Entered Level 1 of the Snake Pit
 25559 | Snake:1  | Reached skill level 20 in Crossbows
 25731 | Snake:1  | Reached XP level 16. HP: 149/155 MP: 21/21
 25802 | Snake:1  | Identified the +0 pair of boots of Cowardice {Harm rPois
                  | rF++} (Okawaru gifted it to you on level 1 of the Snake
                  | Pit)
 25802 | Snake:1  | Received a gift from Okawaru
 26315 | Snake:1  | Reached skill level 21 in Crossbows
 27460 | Snake:2  | Received a gift from Okawaru
 28049 | Snake:3  | Found a stormy altar of Qazlal.
 28413 | Snake:3  | Received a gift from Okawaru
 28734 | Snake:3  | Reached skill level 22 in Crossbows
 29101 | Snake:4  | Entered Level 4 of the Snake Pit
 29175 | Snake:3  | Reached XP level 17. HP: 109/166 MP: 22/22
 29457 | Snake:4  | Received a gift from Okawaru
 29565 | Snake:4  | Identified Roxanne's Tome of Transmigration
 29565 | Snake:4  | Noticed Roxanne
 29573 | Snake:4  | Killed Roxanne
 29573 | Snake:4  | Received a gift from Okawaru
 29718 | Snake:4  | Identified the +1 long sword of Painful Death {drain,
                  | Fragile rC+ Will+}
 29764 | Snake:4  | Identified the +8 chain mail of Untold Secrets {-Cast +Inv
                  | rPois} (Okawaru gifted it to you on level 4 of the Snake
                  | Pit)
 29764 | Snake:4  | Received a gift from Okawaru
 30677 | Snake:4  | HP: 3/168 [guardian serpent (12)]
 30677 | Snake:4  | Annihilated by a naga

Illustrated notes

Levels and vault maps discovered:
D:1:      grunt_arrival_crossed_arrows, layout_rooms
D:2:      layout_rooms, serial_shops, shop_fountains,
          shapermc_ecumenical_altar_mp_urbaneastern
D:3:      layout_basic, vehumet_statue, serial_co_window_serial,
          co_window_paths_b, co_window_paths_a, co_window_corner_a,
          co_window_paths_b, co_window_paths_b, co_window_2corner,
          co_window_paths_c, co_window_corner_b, co_window_of_opportunity_b,
          co_window_2corner, co_window_paths_c, co_window_paths_c,
          glass_columns_c, glass_columns_b, glass_columns_a, glass_columns_a,
          glass_columns_b
D:4:      layout_rooms, gup_sewer_entry_pipe, minivault_5, grunt_ministairs_7
D:5:      layout_gridville, chequers_serial_rivers_small_a,
          minmay_shop_grid_forest, minmay_gold_behind_fungi, moated_statue,
          uniq_eustachio
D:6:      layout_loops_cross, nemelex_dance_club_becter, jmf_multi_god_temple,
          minmay_temple_entry_waves, gammafunk_ghost_abyssal_escape
D:7:      layout_basic
D:8:      layout_basic, lair_entry_dummy, enter_bailey_4, uniq_pikel, uniq_grum,
          uniq_maurice
D:9:      layout_basic, serial_bayou_pond_d, kennysheep_generic_room_10
D:10:     layout_loops_corners, kennysheep_flooded_box
D:11:     layout_gridville
D:12:     layout_loops_ring, orc_0_dummy, minmay_librarian
D:13:     minmay_the_grid_square_5x5_3x3 [minmay_the_grid_square_5x5_one_wall,
          minmay_the_grid_square_5x5_checkered,
          minmay_the_grid_square_5x5_beaten_path,
          minmay_the_grid_square_5x5_slash,
          minmay_the_grid_square_5x5_megaprize_checkered,
          minmay_the_grid_square_5x5_empty,
          minmay_the_grid_square_5x5_bracketed,
          minmay_the_grid_square_5x5_three_walls,
          minmay_the_grid_square_5x5_lines], layout_basic, uniq_sonja
D:14:     layout_layer_cave, grunt_vaults_entry_tiered
D:15:     grunt_enter_depths_snipers, layout_cave_pools, palyth_stone_intersect,
          nrook_uturn
Temple:   regret_index_temple_mists
Lair:1:   layout_cellular_growth, basic_altar
Lair:2:   layout_long_grid, nicolae_quartered_pool_super
Lair:3:   cheibrodos_lair_overgrown_chateau, layout_big_grid,
          minmay_swamp_entry_eels, guppyfry_snake_entry_island
Lair:4:   layout_gridlike, chequers_serial_rivers_marsh
Lair:5:   layout_misc_corridors, slime_dummy, chequers_serial_rivers_micro_a
Lair:6:   evilmike_catoblepas_cave, layout_cave_shapes
Snake:1:  nicolae_snake_hallway, layout_layer_cave, serial_bayou_shore_a
Snake:2:  onia_ninara_swampy_vault, layout_onion
Snake:3:  layout_gridlike, basic_altar
Snake:4:  grunt_snake_rune_serpentine_throne, layout_cave_town, uniq_roxanne
Orc:1:    layout_caves, mines4_lemuel
Orc:2:    grunt_orc_cross, layout_caves, serial_shops, nicolae_shop_waterfront

Skill      XL: |  1  2  3  4  5  6  7  8  9 10 11 12 13 14 15 16 17 |
---------------+----------------------------------------------------+-----
Crossbows      | 5 6 7 8 9 10 11 13 15 16 18 20 22 | 22.9
Fighting       | 3 4 5 6 9 10 12 13 14 15 16 17 18 19 | 19.2
Armour         | 2 6 8 10 12 | 12.0
Invocations    | 1 4 6 8 9 |  9.7
Dodging        | 4 5 7 9 10 | 10.0
Evocations     | 2 5 7 8 |  8.7
Stealth        | |  0.7

Action                   |  1- 3 |  4- 6 |  7- 9 | 10-12 | 13-15 | 16-18 || total
-------------------------+-------+-------+-------+-------+-------+-------++-------
Melee: Dagger            |    60 |   178 |    46 |       |       |       ||   284
       Headbutt          |     9 |    28 |    30 |    10 |    39 |       ||   116
       Rapier            |       |       |    99 |    38 |     3 |       ||   140
       Short sword       |       |       |       |       |    78 |       ||    78
 Fire: Hand crossbow     |     3 |    25 |    49 |   147 |       |       ||   224
       Arbalest          |       |       |       |    50 |   607 |   457 ||  1114
       Triple crossbow   |       |       |       |   124 |    63 |    17 ||   204
Invok: Heroism           |       |       |       |    10 |     2 |     3 ||    15
       Finesse           |       |       |       |       |       |     1 ||     1
Evoke: Wand              |       |       |       |       |       |     1 ||     1
  Use: Scroll            |     4 |     4 |    12 |    12 |    11 |     5 ||    48
       Potion            |       |       |       |       |       |     2 ||     2
Armor: Leather armour    |    13 |     5 |       |       |       |       ||    18
       Chain mail        |       |    76 |    93 |   154 |    93 |    36 ||   452
       Plate armour      |       |       |       |       |    56 |    66 ||   122
Dodge: Dodged            |    36 |    51 |    66 |   160 |   226 |   190 ||   729
       Repelled          |       |       |       |       |       |    23 ||    23

Table legend: (Time is in decaauts)
 A = Elapsed time spent in this place.
 B = Non-inter-level travel time spent in this place.
 C = Inter-level travel time spent in this place.
 D = Time resting spent in this place.
 E = Time spent auto-exploring this place.
 F = Levels seen in this place.
 G = Mean time per level.
                   A        B        C        D        E       F      G
               +--------+--------+--------+--------+--------+-----+--------+
         Total |  31141 |  27513 |   3628 |   2400 |  15847 |  29 | 1073.8 |
       Dungeon |  15439 |  13758 |   1681 |    964 |   9268 |  15 | 1029.3 |
        Temple |    353 |    353 |      0 |      0 |    311 |   1 |  353.0 |
          Lair |   7311 |   5820 |   1491 |    928 |   2499 |   6 | 1218.5 |
     Snake Pit |   5226 |   4935 |    291 |    324 |   2360 |   4 | 1306.5 |
  Orcish Mines |   1986 |   1821 |    165 |     53 |    971 |   2 |  993.0 |
         Sewer |    823 |    823 |      0 |    131 |    435 |   1 |  823.0 |
               +--------+--------+--------+--------+--------+-----+--------+

Top non-repeatable levels by time:
  Lair:2: 2579 daAuts
     D:8: 1905 daAuts
 Snake:1: 1512 daAuts
 Snake:4: 1346 daAuts
    D:14: 1252 daAuts
   Orc:2: 1244 daAuts
 Snake:3: 1228 daAuts
     D:7: 1155 daAuts
  Lair:6: 1148 daAuts
 Snake:2: 1139 daAuts
    D:13: 1122 daAuts
     D:3: 1075 daAuts
     D:4: 1073 daAuts
     D:5: 1070 daAuts
    D:11: 1043 daAuts
